 Dungeon Sprint DCSS version 0.27-a0-1273-gec92ba881d (webtiles) character file.

Game seed: 17846665608242020787

1312 mhtbhm the Slicer (level 8, -2/90 HPs)
             Began as a Kobold Berserker on June 11, 2021.
             Was a Priest of Trog.
             Slain by a centaur warrior (3 damage)
             ... in the Dungeon (Sprint I: "Red Sonja").
             The game lasted 00:01:36 (1323 turns).

mhtbhm the Slicer (Kobold Berserker)                Turns: 1323, Time: 00:01:37

Health: -2/90      AC:  3    Str: 17    XL:     8   Next: 89%
Magic:  8/8        EV: 18    Int:  8    God:    Trog [***...]
Gold:   856        SH:  0    Dex: 14    Spells: 7/7 levels left

rFire    . . .     SeeInvis .   a - +3 short sword (venom)
rCold    . . .     Faith    .   (shield restricted)
rNeg     . . .     Spirit   .   b - +0 leather armour
rPois    .         Reflect  .   (no helmet)
rElec    .         Harm     .   (no cloak)
rCorr    .         Rampage  .   (no gloves)
Will     .....     NoTele   +   (no boots)
Stlth    ..........             (no amulet)
HPRegen  0.25/turn              (no ring)
MPRegen  0.11/turn              (no ring)

@: berserking, very quick
A: small, no large weapons, nightstalker 3
a: Renounce Religion, Berserk, Trog's Hand


You were in the Dungeon.
You worshipped Trog.
Trog was most pleased with you.
You visited 1 branch You collected 856 gold pieces.

Inventory:

Hand Weapons
 a - a +3 short sword of venom (weapon)
Missiles
 i - 5 curare-tipped darts (quivered)
Armour
 b - a +0 leather armour (worn)
Wands
 c - a wand of polymorph (8)
 j - a wand of mindburst (6)
Scrolls
 h - a scroll of blinking
 n - a scroll of enchant weapon {unknown}
Potions
 d - a potion of heal wounds
 e - a potion of haste
 f - 2 potions of magic
 g - a potion of berserk rage
 k - 3 potions of curing
 l - a potion of resistance {unknown}
 m - a potion of brilliance {unknown}


   Skills:
 + Level 11.5 Fighting
 + Level 14.2 Short Blades
 + Level 5.2 Armour
 + Level 8.4 Dodging
 + Level 6.6 Stealth
 + Level 3.4 Unarmed Combat
 + Level 0.7 Evocations


You had 7 spell levels left.
You didn't know any spells.
Your spell library was empty.

Dungeon Overview and Level Annotations

Branches:
Dungeon (1/1)

Altars:
Cheibriados
Dithmenos
Elyvilon
Fedhas
Gozag
Hepliaklqana
Kikubaaqudgha
Makhleb
Nemelex Xobeh
Okawaru
Qazlal
Ru
Sif Muna
Trog
Uskayaw
Vehumet
Wu Jian
Xom
Yredelemnul
Zin
The Shining One
Jiyva
Lugonu

Shops:
D ![[


Innate Abilities, Weirdness & Mutations

You are small and have problems with some larger weapons.
You are completely attuned to the shadows.


Message History

The centaur warrior unwields a +0 longbow.
The centaur warrior barely misses you.
The centaur warrior kicks you but does no damage.
A red film seems to cover your vision as you go berserk!
You feel yourself moving faster!
You feel mighty! The centaur warrior hits you! The centaur warrior kicks you.
The centaur warrior hits you.
The centaur warrior kicks you but does no damage.
The centaur warrior hits you. The centaur warrior kicks you.
The centaur warrior hits you!
* * * LOW HITPOINT WARNING * * *
The centaur warrior kicks you.
* * * LOW HITPOINT WARNING * * *
You hit the centaur warrior.
The centaur warrior is lightly wounded.
You completely miss the centaur warrior.
The centaur warrior is lightly wounded.
The centaur warrior hits you!
* * * LOW HITPOINT WARNING * * *
The centaur warrior barely misses you. The centaur warrior hits you.
* * * LOW HITPOINT WARNING * * *
The centaur warrior kicks you.
* * * LOW HITPOINT WARNING * * *
You puncture the centaur warrior!
The centaur warrior is moderately wounded.
You puncture the centaur warrior!
The centaur warrior is poisoned.
The centaur warrior is heavily wounded.
The centaur warrior completely misses you.
The centaur warrior kicks you.
* * * LOW HITPOINT WARNING * * *
The centaur warrior closely misses you. The centaur warrior misses you.
You puncture the centaur warrior!
The centaur warrior looks as sick as possible!
The centaur warrior is heavily wounded.
You puncture the centaur warrior!
The centaur warrior looks as sick as possible!
The centaur warrior is almost dead.
The centaur warrior hits you.
* * * LOW HITPOINT WARNING * * *
The centaur warrior kicks you.
You die...

###################
#..').#..'..#__#..+
'[.#.)'..#..'..'..#
#####'#####'#__####
####..#...#.####§§#
#__####..##(#≈≈≈§c#
#_____##'#_.'≈≈§@§+
#_.∩...'..§§#≈≈§§c#
#_..__##_.#§##+####
#_____###'#.#.)(.###
#########.####'###.##
.......'.÷.'..†..')∩#
++++####.).##########
###.### #.#'#.#


You could see 2 centaur warriors.

Vanquished Creatures
  A deep troll (D)
  A slime creature (D)
  Sigmund (D)
  A yak (D)
  A human (D)
  An ogre (D)
  A jelly (D)
  Ijyb (D)
  A ballistomycete spore (D)
9 creatures vanquished.

Vanquished Creatures (others)
  A gargoyle (D)
  A ballistomycete spore (D)
2 creatures vanquished.

Grand Total: 11 creatures vanquished

Notes
Turn   | Place    | Note
-------+----------+-------------------------------------------
     0 | D        | mhtbhm the Kobold Berserker began the quest for the Orb.
     0 | D        | Reached XP level 1. HP: 14/14 MP: 1/1
     2 | D        | Noticed Ijyb
     9 | D        | Killed Ijyb
    10 | D        | Reached skill level 5 in Fighting
    10 | D        | Reached skill level 6 in Short Blades
    10 | D        | Reached XP level 2. HP: 16/21 MP: 2/2
    10 | D        | Reached XP level 3. HP: 21/26 MP: 3/3
   162 | D        | Noticed an ogre
   168 | D        | Killed an ogre
   169 | D        | Reached skill level 8 in Short Blades
   169 | D        | Reached XP level 4. HP: 32/32 MP: 4/4
   169 | D        | Reached XP level 5. HP: 37/37 MP: 5/5
   319 | D        | Noticed Sigmund
   338 | D        | Killed Sigmund
   338 | D        | Reached ** piety under Trog
   339 | D        | Reached skill level 10 in Short Blades
   339 | D        | Reached skill level 5 in Dodging
   339 | D        | Reached skill level 1 in Unarmed Combat
   339 | D        | Reached XP level 6. HP: 37/45 MP: 6/6
   500 | D        | Found an ornate altar of the Wu Jian Council.
   501 | D        | Found a shimmering blue altar of Sif Muna.
   502 | D        | Found a radiant altar of Vehumet.
   511 | D        | Reached skill level 11 in Short Blades
   795 | D        | Found a hazy altar of Hepliaklqana.
   795 | D        | Found a stormy altar of Qazlal.
   795 | D        | Found a hide-covered altar of Uskayaw.
   795 | D        | Found a blossoming altar of Fedhas.
   795 | D        | Noticed a yak
   796 | D        | Found Huwaohy's Armour Emporium.
   796 | D        | Found a bloodstained altar of Trog.
   796 | D        | Found an opulent altar of Gozag.
   796 | D        | Found a snail-covered altar of Cheibriados.
   802 | D        | Killed a yak
   803 | D        | Reached skill level 12 in Short Blades
   803 | D        | Reached XP level 7. HP: 52/52 MP: 7/7
   803 | D        | Found an iron altar of Okawaru.
   803 | D        | Found a sparkling altar of Nemelex Xobeh.
   803 | D        | Found a sacrificial altar of Ru.
   803 | D        | Found a glowing silver altar of Zin.
   804 | D        | Found an ancient bone altar of Kikubaaqudgha.
   804 | D        | Found a basalt altar of Yredelemnul.
   804 | D        | Found a glowing golden altar of the Shining One.
   804 | D        | Found a shadowy altar of Dithmenos.
   804 | D        | Found a white marble altar of Elyvilon.
   820 | D        | Found a burning altar of Makhleb.
   820 | D        | Found a viscous altar of Jiyva.
   820 | D        | Found a shimmering altar of Xom.
   820 | D        | Found a corrupted altar of Lugonu.
   820 | D        | Noticed a slime creature
   830 | D        | Killed a slime creature
   830 | D        | Reached *** piety under Trog
   831 | D        | Reached skill level 10 in Fighting
   925 | D        | Noticed Sonja
   927 | D        | Noticed Sonja
   927 | D        | Sonja changed into Sonja the human
   936 | D        | Killed Sonja the human
   937 | D        | Reached skill level 13 in Short Blades
   937 | D        | Reached XP level 8. HP: 59/59 MP: 8/8
  1045 | D        | Found Jokhiuw's Distillery.
  1210 | D        | Killed a gargoyle
  1256 | D        | Noticed a deep troll
  1260 | D        | Killed a deep troll
  1261 | D        | Reached skill level 14 in Short Blades
  1261 | D        | Reached skill level 5 in Armour
  1270 | D        | Found Jigruefa's Armour Emporium.
  1272 | D        | Identified the +8 trident of the Endless Expanse {venom,
                  | Will- Int+4}
  1313 | D        | Noticed a centaur warrior
  1315 | D        | Noticed a centaur warrior
  1323 | D        | HP: 1/90 [centaur warrior (5)]
  1323 | D        | Slain by a centaur warrior

Illustrated notes

Levels and vault maps discovered:
D:        dungeon_sprint_1 [red_sonja_temple_1, red_sonja_temple_small_1]

Skill      XL: |  1  2  3  4  5  6  7  8 |
---------------+-------------------------+-----
Fighting       | 5 6 8 9 10 11 | 11.5
Short Blades   | 6 8 10 12 13 14 | 14.2
Armour         | 2 3 4 5 |  5.2
Dodging        | 3 4 5 6 7 8 |  8.4
Stealth        | 2 3 4 6 |  6.6
Unarmed Combat | 1 2 3 |  3.4
Evocations     | |  0.7

Action                   |  1- 3 |  4- 6 |  7- 9 || total
-------------------------+-------+-------+-------++-------
Melee: Short sword       |     9 |    12 |    22 ||    43
       Unarmed           |       |     7 |       ||     7
       Punch             |       |       |     1 ||     1
Invok: Berserk           |     2 |     2 |     3 ||     7
Evoke: Wand              |       |       |     2 ||     2
  Use: Potion            |       |     1 |       ||     1
 Stab: Confused          |       |     1 |       ||     1
       Sleeping          |       |     1 |     2 ||     3
Armor: Animal skin       |     1 |       |       ||     1
       Leather armour    |       |     1 |     3 ||     4
Dodge: Dodged            |     2 |    11 |     9 ||    22

Table legend: (Time is in decaauts)
 A = Elapsed time spent in this place.
 B = Non-inter-level travel time spent in this place.
 C = Inter-level travel time spent in this place.
 D = Time resting spent in this place.
 E = Time spent auto-exploring this place.
 F = Levels seen in this place.
 G = Mean time per level.
                   A        B        C        D        E       F      G
               +--------+--------+--------+--------+--------+-----+--------+
         Total |   1358 |   1358 |      0 |   1025 |      0 |   1 | 1358.0 |
       Dungeon |   1358 |   1358 |      0 |   1025 |      0 |   1 | 1358.0 |
               +--------+--------+--------+--------+--------+-----+--------+

Top non-repeatable levels by time:
       D: 1358 daAuts
